TOP OF THE 1ST |
Auburn Doubledays batting - Pitching for Hillsboro Hops : RHP Joe Mulholland
|
Pitching: RHP Joe Mulholland
|
|
Batting: RHB Charlie Iacovone
|
0-0: Called Strike 0-1: Swinging Strike 0-2: Ball 1-2: Strikes out swinging
|
Batting: RHB Alex Martinez
|
0-0: Called Strike 0-1: Hit by Pitch
|
Batting: SHB Fernando Fundora
|
Balk! Alex Martinez to second 0-0: Called Strike 0-1: Swinging Strike 0-2: Ball 1-2: Ball 2-2: Strikes out swinging
|
Batting: RHB Vasag Semerjian
|
0-0: Ball 1-0: Ball 2-0: Ball 3-0: Called Strike 3-1: Foul Ball, location: 2F 3-2: Base on Balls
|
Batting: RHB Steve Kunselman
|
0-0: Fielders Choice at 2nd, 6-4 (Groundball, 6, EV 100.6 MPH)
|
Top of the 1st over - 0 runs, 0 hits, 0 errors, 2 left on base; Auburn 0 - Hillsboro 0 |
BOTTOM OF THE 1ST |
Hillsboro Hops batting - Pitching for Auburn Doubledays : RHP Chris Mosley
|
Pitching: RHP Chris Mosley
|
|
Batting: RHB Dale Young
|
0-0: Called Strike 0-1: Ball 1-1: Called Strike 1-2: Ball 2-2: SINGLE (Groundball, 5D, EV 100.0 MPH)
|
Batting: RHB Jonathan Underhill
|
0-0: Ball 1-0: Swinging Strike 1-1: Ball 2-1: Foul Ball, location: 2F 2-2: Strikes out swinging
|
Batting: RHB Nikita Schram
|
0-0: Ball Dale Young steals 2nd, throwing error, E2 Dale Young to third 1-0: Ball 2-0: Ball 3-0: Called Strike 3-1: Ground out 5-3 (Groundball, 56S, EV 90.6 MPH) Dale Young scores
|
Batting: SHB Johnny Diaz
|
0-0: Ball 1-0: Ball 2-0: Foul Ball, location: 2F 2-1: Swinging Strike 2-2: Strikes out swinging
|
Bottom of the 1st over - 1 run, 1 hit, 1 error, 0 left on base; Auburn 0 - Hillsboro 1 |
TOP OF THE 2ND |
Auburn Doubledays batting - Pitching for Hillsboro Hops : RHP Joe Mulholland
|
Batting: RHB Joe Simmelink
|
0-0: Ball 1-0: Ball 2-0: Called Strike 2-1: Foul Ball, location: 2F 2-2: Foul Ball, location: 2F 2-2: Foul Ball, location: 2F 2-2: Strikes out looking
|
Batting: LHB Tony Olvera
|
0-0: Ball 1-0: Foul Ball, location: 2F 1-1: Foul Ball, location: 2F 1-2: Ball 2-2: Foul Ball, location: 2F 2-2: Strikes out swinging
|
Batting: RHB Jorge Torres
|
0-0: Foul Ball, location: 2F 0-1: Foul Ball, location: 2F 0-2: Ball 1-2: Ball 2-2: Ball 3-2: Fly out, F9 (Flyball, 9, EV 90.0 MPH)
|
Top of the 2nd over - 0 runs, 0 hits, 0 errors, 0 left on base; Auburn 0 - Hillsboro 1 |
BOTTOM OF THE 2ND |
Hillsboro Hops batting - Pitching for Auburn Doubledays : RHP Chris Mosley
|
Batting: RHB T.J. Jordan
|
0-0: Ball 1-0: Foul Ball, location: 2F 1-1: Foul Ball, location: 2F 1-2: Foul Ball, location: 2F 1-2: Ball 2-2: Foul Ball, location: 2F 2-2: Foul Ball, location: 2F 2-2: SINGLE (Line Drive, 7LS, EV 100.6 MPH)
|
Batting: RHB Mike Dodson
|
0-0: Ball 1-0: Ball 2-0: Grounds into double play, 5-4-3 (Groundball, 5, EV 78.1 MPH)
|
Batting: RHB Mike Swift
|
0-0: Ball 1-0: Called Strike 1-1: Ball 2-1: Foul Ball, location: 2F 2-2: Strikes out swinging
|
Bottom of the 2nd over - 0 runs, 1 hit, 0 errors, 0 left on base; Auburn 0 - Hillsboro 1 |
TOP OF THE 3RD |
Auburn Doubledays batting - Pitching for Hillsboro Hops : RHP Joe Mulholland
|
Batting: RHB Franklin Ortega
|
0-0: Called Strike 0-1: Foul Ball, location: 2F 0-2: Strikes out swinging
|
Batting: RHB Charlie Iacovone
|
0-0: Called Strike 0-1: Foul Ball, location: 2F 0-2: Ball 1-2: Foul Ball, location: 2F 1-2: Ball 2-2: Ball 3-2: Strikes out swinging
|
Batting: RHB Alex Martinez
|
0-0: Ball 1-0: Called Strike 1-1: SINGLE (Line Drive, 89S, EV 90.6 MPH)
|
Batting: SHB Fernando Fundora
|
0-0: Ball 1-0: Ball 2-0: Ball 3-0: Base on Balls Alex Martinez to second
|
Batting: RHB Vasag Semerjian
|
0-0: Ball 1-0: Ball 2-0: Ball 3-0: Called Strike 3-1: Foul Ball, location: 2F 3-2: Base on Balls Alex Martinez to third Fernando Fundora to second
|
Batting: RHB Steve Kunselman
|
0-0: Fly out, F8 (Flyball, 8RXD, EV 100.6 MPH)
|
Top of the 3rd over - 0 runs, 1 hit, 0 errors, 3 left on base; Auburn 0 - Hillsboro 1 |
BOTTOM OF THE 3RD |
Hillsboro Hops batting - Pitching for Auburn Doubledays : RHP Chris Mosley
|
Batting: RHB Devon Fourcade
|
0-0: Foul Ball, location: 2F 0-1: Ball 1-1: Reached on error, E6 (Groundball, 6, EV 98.1 MPH)
|
Batting: RHB Joe Stading
|
0-0: Ball 1-0: Called Strike 1-1: Foul Ball, location: 2F 1-2: Ground out 4-3 (Groundball, 34S, EV 83.8 MPH) Devon Fourcade to second
|
Batting: RHB Dale Young
|
0-0: Ball 1-0: Ball 2-0: SINGLE (Groundball, 6S, EV 73.8 MPH) (infield hit) Devon Fourcade to third
|
Batting: RHB Jonathan Underhill
|
0-0: Called Strike 0-1: Ball Dale Young steals 2nd base (no throw) 1-1: SINGLE (Line Drive, 7S, EV 110.6 MPH) Devon Fourcade scores Dale Young to third Runner from 3rd tries for Home, SAFE, throw by LF to home
|
Batting: RHB Nikita Schram
|
0-0: Ball 1-0: Ball 2-0: Ball Wild Pitch! Jonathan Underhill to second 3-0: Base on Balls
|
Batting: SHB Johnny Diaz
|
0-0: Foul Ball, location: 2F 0-1: Ball 1-1: Fly out, F8 (Flyball, 89D, EV 93.1 MPH) Runner from 2nd tags up, SAFE at 3rd, no throw by CF
|
Batting: RHB T.J. Jordan
|
0-0: Called Strike 0-1: Ball 1-1: SINGLE (Line Drive, 56, EV 101.2 MPH) Jonathan Underhill scores Nikita Schram to second
|
Batting: RHB Mike Dodson
|
0-0: Called Strike 0-1: Ball 1-1: Called Strike 1-2: Foul Ball, location: 2F 1-2: Ball 2-2: Strikes out swinging
|
Bottom of the 3rd over - 3 runs, 3 hits, 1 error, 2 left on base; Auburn 0 - Hillsboro 4 |
TOP OF THE 4TH |
Auburn Doubledays batting - Pitching for Hillsboro Hops : RHP Joe Mulholland
|
Batting: RHB Joe Simmelink
|
0-0: Ball 1-0: Called Strike 1-1: Ball 2-1: Swinging Strike 2-2: Strikes out swinging
|
Batting: LHB Tony Olvera
|
0-0: Called Strike 0-1: Called Strike 0-2: Ball 1-2: Strikes out swinging
|
Batting: RHB Jorge Torres
|
0-0: Called Strike 0-1: Ball 1-1: Ball 2-1: Ball 3-1: Base on Balls
|
Batting: RHB Franklin Ortega
|
0-0: Ball 1-0: Foul Ball, location: 2F 1-1: Ball 2-1: Foul Ball, location: 2F 2-2: Strikes out swinging
|
Top of the 4th over - 0 runs, 0 hits, 0 errors, 1 left on base; Auburn 0 - Hillsboro 4 |
BOTTOM OF THE 4TH |
Hillsboro Hops batting - Pitching for Auburn Doubledays : RHP Chris Mosley
|
Batting: RHB Mike Swift
|
0-0: Foul Ball, location: 2F 0-1: Swinging Strike 0-2: Strikes out looking
|
Batting: RHB Devon Fourcade
|
0-0: Ball 1-0: Called Strike 1-1: Foul Ball, location: 2F 1-2: Foul Ball, location: 2F 1-2: Strikes out looking
|
Batting: RHB Joe Stading
|
0-0: Ground out 6-3 (Groundball, 6, EV 94.4 MPH)
|
Bottom of the 4th over - 0 runs, 0 hits, 0 errors, 0 left on base; Auburn 0 - Hillsboro 4 |
TOP OF THE 5TH |
Auburn Doubledays batting - Pitching for Hillsboro Hops : RHP Joe Mulholland
|
Batting: RHB Charlie Iacovone
|
0-0: Ball 1-0: Called Strike 1-1: Called Strike 1-2: Ball 2-2: Strikes out swinging
|
Batting: RHB Alex Martinez
|
0-0: Ball 1-0: Ground out 3-1 (Groundball, 34, EV 83.8 MPH)
|
Batting: SHB Fernando Fundora
|
0-0: Foul Ball, location: 2F 0-1: Ball 1-1: Ball 2-1: Foul Ball, location: 2F 2-2: Ball 3-2: SINGLE (Groundball, 34D, EV 95.6 MPH)
|
Pitching: LHP Ryan Cole
|
|
Batting: RHB Vasag Semerjian
|
0-0: Foul Ball, location: 2F 0-1: Ball 1-1: Ball 2-1: Called Strike 2-2: Strikes out swinging
|
Top of the 5th over - 0 runs, 1 hit, 0 errors, 1 left on base; Auburn 0 - Hillsboro 4 |
BOTTOM OF THE 5TH |
Hillsboro Hops batting - Pitching for Auburn Doubledays : RHP Chris Mosley
|
Batting: RHB Dale Young
|
0-0: Fly out, F5 (Flyball, 56D, EV 90.0 MPH)
|
Batting: RHB Jonathan Underhill
|
0-0: DOUBLE (Line Drive, 9LM, EV 110.0 MPH)
|
Batting: RHB Nikita Schram
|
0-0: Called Strike Jonathan Underhill steals 3rd, throwing error, E2 Jonathan Underhill scores 0-1: Called Strike 0-2: Ball 1-2: Ball 2-2: Strikes out swinging
|
Batting: SHB Johnny Diaz
|
0-0: Called Strike 0-1: Foul Ball, location: 2F 0-2: Foul Ball, location: 2F 0-2: Ball 1-2: Strikes out swinging
|
Bottom of the 5th over - 1 run, 1 hit, 1 error, 0 left on base; Auburn 0 - Hillsboro 5 |
TOP OF THE 6TH |
Auburn Doubledays batting - Pitching for Hillsboro Hops : LHP Ryan Cole
|
Batting: RHB Steve Kunselman
|
0-0: Ball 1-0: Called Strike 1-1: Ball 2-1: Called Strike 2-2: Strikes out swinging
|
Batting: RHB Joe Simmelink
|
0-0: Ball 1-0: Called Strike 1-1: Fly out, F9 (Line Drive, 9S, EV 96.2 MPH)
|
Batting: LHB Tony Olvera
|
0-0: Called Strike 0-1: Foul Ball, location: 2F 0-2: Foul Ball, location: 2F 0-2: Foul Ball, location: 2F 0-2: DOUBLE (Flyball, 89D, EV 106.9 MPH)
|
Batting: RHB Jorge Torres
|
0-0: SINGLE (Groundball, 6D, EV 98.1 MPH) Tony Olvera to third Runner from 3rd tries for Home, SAFE, throw by CF to home
|
Batting: RHB Franklin Ortega
|
0-0: Called Strike Jorge Torres steals 2nd base 0-1: Swinging Strike 0-2: Strikes out swinging
|
Top of the 6th over - 1 run, 2 hits, 0 errors, 1 left on base; Auburn 1 - Hillsboro 5 |
BOTTOM OF THE 6TH |
Hillsboro Hops batting - Pitching for Auburn Doubledays : RHP Chris Mosley
|
Batting: RHB T.J. Jordan
|
0-0: Ball 1-0: Swinging Strike 1-1: Ball 2-1: Foul Ball, location: 2F 2-2: Strikes out swinging
|
Batting: RHB Mike Dodson
|
0-0: Foul Ball, location: 2F 0-1: Called Strike 0-2: Foul Ball, location: 2F 0-2: Strikes out looking
|
Batting: RHB Mike Swift
|
0-0: Reached on error, E6 (Groundball, 6, EV 81.2 MPH)
|
Batting: RHB Devon Fourcade
|
0-0: Ball 1-0: Foul Ball, location: 2F 1-1: Swinging Strike 1-2: Ball 2-2: Strikes out swinging
|
Bottom of the 6th over - 0 runs, 0 hits, 1 error, 1 left on base; Auburn 1 - Hillsboro 5 |
TOP OF THE 7TH |
Auburn Doubledays batting - Pitching for Hillsboro Hops : LHP Ryan Cole
|
Batting: RHB Charlie Iacovone
|
0-0: Ball 1-0: Called Strike 1-1: Ball 2-1: Called Strike 2-2: Strikes out looking
|
Batting: RHB Alex Martinez
|
0-0: Called Strike 0-1: Foul Ball, location: 2F 0-2: Strikes out looking
|
Batting: SHB Fernando Fundora
|
0-0: Ball 1-0: Called Strike 1-1: Swinging Strike 1-2: Strikes out looking
|
Top of the 7th over - 0 runs, 0 hits, 0 errors, 0 left on base; Auburn 1 - Hillsboro 5 |
BOTTOM OF THE 7TH |
Hillsboro Hops batting - Pitching for Auburn Doubledays : RHP Chris Mosley
|
Pitching: LHP Willie Rivera
|
|
Batting: RHB Joe Stading
|
0-0: Swinging Strike 0-1: SINGLE (Flyball, 34D, EV 88.8 MPH)
|
Batting: RHB Dale Young
|
0-0: Called Strike 0-1: Foul Ball, location: 2F 0-2: Ball 1-2: SINGLE (Groundball, 6, EV 101.9 MPH) Joe Stading to second
|
Batting: RHB Jonathan Underhill
|
0-0: Ball 1-0: Called Strike 1-1: Ball 2-1: Foul Ball, location: 2F 2-2: Ball 3-2: Base on Balls Joe Stading to third Dale Young to second
|
Batting: RHB Nikita Schram
|
0-0: Ball 1-0: Foul Ball, location: 2F 1-1: Ball 2-1: Foul Ball, location: 2F 2-2: Foul Ball, location: 2F 2-2: Ball 3-2: Fly out, F9 (Flyball, 9D, EV 96.9 MPH) Runner from 3rd tags up, OUT at HOME! 9-2 Dale Young to third Jonathan Underhill to second
|
Batting: SHB Johnny Diaz
|
0-0: DOUBLE (Flyball, 8LXD, EV 93.1 MPH) Dale Young scores Jonathan Underhill scores
|
Batting: RHB T.J. Jordan
|
0-0: Ball 1-0: Called Strike 1-1: Foul Ball, location: 2F 1-2: Strikes out swinging
|
Bottom of the 7th over - 2 runs, 3 hits, 0 errors, 1 left on base; Auburn 1 - Hillsboro 7 |
TOP OF THE 8TH |
Auburn Doubledays batting - Pitching for Hillsboro Hops : LHP Ryan Cole
|
Batting: RHB Vasag Semerjian
|
0-0: Ball 1-0: Ball 2-0: Foul Ball, location: 2F 2-1: Fly out, F8 (Flyball, 89D, EV 90.0 MPH)
|
Batting: RHB Steve Kunselman
|
0-0: Swinging Strike 0-1: Fly out, F7 (Line Drive, 78S, EV 90.6 MPH)
|
Batting: RHB Joe Simmelink
|
0-0: Called Strike 0-1: Foul Ball, location: 2F 0-2: Strikes out swinging
|
Top of the 8th over - 0 runs, 0 hits, 0 errors, 0 left on base; Auburn 1 - Hillsboro 7 |
BOTTOM OF THE 8TH |
Hillsboro Hops batting - Pitching for Auburn Doubledays : LHP Willie Rivera
|
Batting: RHB Mike Dodson
|
0-0: Ball 1-0: Swinging Strike 1-1: Foul Ball, location: 2F 1-2: Strikes out swinging
|
Batting: RHB Mike Swift
|
0-0: Called Strike 0-1: Called Strike 0-2: Ball 1-2: Strikes out looking
|
Batting: RHB Devon Fourcade
|
0-0: DOUBLE (Line Drive, 9LS, EV 106.9 MPH)
|
Batting: RHB Joe Stading
|
0-0: Ball 1-0: Ball 2-0: Ball 3-0: Base on Balls
|
Batting: RHB Dale Young
|
0-0: Ball 1-0: Called Strike 1-1: TRIPLE (Line Drive, 8LXD, EV 100.6 MPH) Devon Fourcade scores Joe Stading scores
|
Pitching: RHP Josh Jenkins
|
|
Pinch Hitting: LHB Josh Kirk
|
0-0: Hit by Pitch
|
Pinch Hitting: RHB Antonio Luisa
|
0-0: Swinging Strike 0-1: Called Strike 0-2: Ball 1-2: Ball 2-2: Ball 3-2: Ground out 6-3 (Groundball, 6S, EV 86.2 MPH)
|
Bottom of the 8th over - 2 runs, 2 hits, 0 errors, 2 left on base; Auburn 1 - Hillsboro 9 |
TOP OF THE 9TH |
Auburn Doubledays batting - Pitching for Hillsboro Hops : LHP Ryan Cole
|
Now at 1B: Antonio Luisa
|
|
Now at 2B: Orlando Florez
|
|
Pinch Hitting: SHB Jose Melendez
|
0-0: Ball 1-0: Ball 2-0: Called Strike 2-1: Foul Ball, location: 2F 2-2: Foul Ball, location: 2F 2-2: Strikes out swinging
|
Pinch Hitting: LHB Mike Hamilton
|
0-0: Called Strike 0-1: Ball 1-1: Foul Ball, location: 2F 1-2: Foul Ball, location: 2F 1-2: Foul Ball, location: 2F 1-2: Foul Ball, location: 2F 1-2: Ball 2-2: Strikes out looking
|
Batting: RHB Franklin Ortega
|
0-0: Swinging Strike 0-1: Ball 1-1: Foul Ball, location: 2F 1-2: Foul Ball, location: 2F 1-2: Ball 2-2: Strikes out swinging
|
Top of the 9th over - 0 runs, 0 hits, 0 errors, 0 left on base; Auburn 1 - Hillsboro 9 |
|